 Dungeon Crawl Stone Soup version 0.26-b1-59-ge38874ec40 (webtiles) character file.

Game seed: 16090129215452091692

920 lastplaneout the Grappler (level 7, -13/66 HPs)
             Began as a Troll Berserker on Jan 8, 2021.
             Was an Elder of Trog.
             Killed from afar by Dowan (20 damage)
             ... with a shard of ice
             ... on level 5 of the Dungeon on Jan 9, 2021.
             The game lasted 00:11:28 (3033 turns).

lastplaneout the Grappler (Troll Berserker)         Turns: 3033, Time: 00:11:29

Health: -13/66     AC:  6    Str: 28    XL:     7   Next: 83%
Magic:  6/6        EV: 10    Int:  3    God:    Trog [****..]
Gold:   202        SH:  5    Dex:  9    Spells: 6/6 levels left

rFire    . . .     SeeInvis .     - Unarmed
rCold    . . .     Faith    .   (no shield)
rNeg     . . .     Spirit   .   a - +0 animal skin
rPois    .         Reflect  +   (helmet restricted)
rElec    .         Harm     .   (no cloak)
rCorr    .         Rampage  .   (gloves unavailable)
Will     +....                  (boots unavailable)
Stlth    +.........             h - amulet of reflection
HPRegen  0.61/turn              n - ring of willpower
MPRegen  0.10/turn              (no ring)

@: lethally poisoned (-13 -> -13)
A: large, unfitting armour, claws 3, regeneration 1, shaggy fur 1, tough skin 3
a: Renounce Religion, Berserk, Trog's Hand, Brothers in Arms


You were on level 5 of the Dungeon.
You worshipped Trog.
Trog was greatly pleased with you.
You visited 1 branch of the dungeon, and saw 5 of its levels.

You collected 202 gold pieces.

Inventory:

Armour
 a - a +0 animal skin (worn)
Jewellery
 h - an amulet of reflection (around neck)
 n - a ring of willpower (left claw)
Wands
 p - a wand of flame (17)
 v - a wand of paralysis (8)
Scrolls
 c - 2 scrolls of teleportation
 d - a scroll of fog {unknown}
 e - a scroll of magic mapping {unknown}
 f - 5 scrolls of remove curse {unknown}
 j - a scroll of fear {unknown}
 k - 3 scrolls of identify
 l - 2 scrolls of blinking {unknown}
 r - 2 scrolls of immolation {unknown}
 w - a scroll of noise {unknown}
Potions
 b - a potion of berserk rage {unknown}
 g - a potion of might {unknown}
 i - 2 potions of curing {unknown}
 m - a potion of mutation {unknown}
 o - a potion of invisibility {unknown}
 q - 3 potions of flight {unknown}
 s - a potion of magic {unknown}
 t - a potion of ambrosia {unknown}
 u - a potion of heal wounds {unknown}


   Skills:
 - Level 2.4 Fighting
 - Level 2.4 Dodging
 - Level 0.4 Shields
 + Level 9.4 Unarmed Combat


You had 6 spell levels left.
You didn't know any spells.
Your spell library was empty.

Dungeon Overview and Level Annotations

Branches:
Dungeon (5/15)
 Temple: D:4-7

Altars:
Makhleb
Trog
Vehumet

Annotations:
D:5 Dowan


Innate Abilities, Weirdness & Mutations

You are too large for most types of armour.
You have claws for hands.
Your natural rate of healing is unusually fast.
You are covered in fur. (AC +1)
You have extremely tough skin. (AC +3)


Message History

Dowan blinks!
You scratch the worker ant zombie but do no damage.
The worker ant zombie is almost destroyed.
The worker ant zombie barely misses you.
You barely miss the worker ant zombie.
The worker ant zombie is almost destroyed.
Dowan breathes, "And she was my only..."
Dowan mumbles some strange words.
Dowan blinks!
The worker ant zombie bites you.
* * * LOW HITPOINT WARNING * * *
You scratch the worker ant zombie.
You destroy the worker ant zombie!
Trog accepts your kill.
You feel sick.
k - 3 scrolls of identify (gained 1)
Items here: ( )) [ ††.
You feel sick.
Dowan points at you and mumbles some strange words.
The shard of ice hits you!!
You die...

........#.##
##..........#
#...........#
#..........##
.(.........##
#..........###
##....##......#
#$..†.#)<....#
#...).@(.#####
.......§.####
.....#...#
......e###
......) .......
....... ......


You could see Dowan (fast).

Vanquished Creatures
  Duvessa (D:5)
  An ogre (D:4)
  A centaur (D:5)
  Blork the orc (D:5)
  A scorpion (D:5)
  3 orc priests (D:4)
  2 hounds
  A bullfrog skeleton (D:4)
  3 orc wizards
  A hound zombie (D:5)
  A worker ant zombie (D:5)
  4 gnolls (D:4)
  8 adders
  An ufetubus (D:5)
  An ooze (D:3)
  2 worms
  A leopard gecko (D:5)
  22 orcs
  4 giant cockroaches
  9 goblins
  14 hobgoblins
  6 jackals
  3 quokkas
  2 ball pythons
  6 bats
  4 frilled lizards
  6 kobolds
  A leopard gecko skeleton (D:4)
  7 rats
117 creatures vanquished.

Vanquished Creatures (others)
  An orc (D:3)
1 creature vanquished.

Grand Total: 118 creatures vanquished

Notes
Turn   | Place    | Note
-------+----------+-------------------------------------------
     0 | D:1      | lastplaneout the Troll Berserker began the quest for the
                  | Orb.
     0 | D:1      | Reached XP level 1. HP: 22/22 MP: 0/0
   162 | D:1      | Reached XP level 2. HP: 29/29 MP: 1/1
   270 | D:1      | Reached skill level 4 in Unarmed Combat
   338 | D:1      | Reached ** piety under Trog
   486 | D:1      | Reached XP level 3. HP: 36/36 MP: 2/2
   959 | D:2      | Reached skill level 5 in Unarmed Combat
   959 | D:2      | Reached XP level 4. HP: 44/44 MP: 3/3
  1218 | D:2      | Found a burning altar of Makhleb.
  1485 | D:3      | Reached XP level 5. HP: 20/50 MP: 4/4
  1491 | D:3      | Reached skill level 6 in Unarmed Combat
  1507 | D:3      | Reached *** piety under Trog
  1704 | D:3      | Found a bloodstained altar of Trog.
  2071 | D:3      | Found a radiant altar of Vehumet.
  2260 | D:4      | Noticed an ogre
  2265 | D:4      | Killed an ogre
  2266 | D:4      | Reached skill level 7 in Unarmed Combat
  2266 | D:4      | Reached XP level 6. HP: 50/59 MP: 5/5
  2421 | D:4      | Reached XP level 7. HP: 39/66 MP: 6/6
  2423 | D:4      | Reached skill level 8 in Unarmed Combat
  2498 | D:4      | Reached **** piety under Trog
  2964 | D:5      | Entered Level 5 of the Dungeon
  2978 | D:5      | Noticed Blork the orc
  2990 | D:5      | Noticed Dowan
  2992 | D:5      | Noticed Duvessa
  3002 | D:5      | Killed Blork the orc
  3016 | D:5      | Killed Duvessa
  3017 | D:5      | Reached skill level 9 in Unarmed Combat
  3033 | D:5      | Killed from afar by Dowan

Illustrated notes

Levels and vault maps discovered:
D:1:      onia_arrival_mini_spirals, layout_loops_cross, serial_forest,
          infiniplex_forest_end_2, infiniplex_forest_clump_tiny,
          infiniplex_forest_lined_3, infiniplex_forest_straight_2,
          infiniplex_forest_lined_corner, infiniplex_forest_end_3,
          infiniplex_forest_clump_diagonal
D:2:      layout_loops_ring, makhleb_heckhound_becter, minmay_tiny_reverse_x
D:3:      layout_basic, lemuel_doored_altar, overflow_temple_1_default,
          serial_curves, eino_curves_04, eino_curves_03, minmay_door_square
D:4:      layout_basic
D:5:      layout_cave_pools, zin_treasury, minmay_temple_entry_antechambers,
          small_statue_intersection, uniq_blork_the_orc, uniq_duvessa

Skill      XL: |  1  2  3  4  5  6  7 |
---------------+----------------------+-----
Unarmed Combat | 4 5 7 9 |  9.4
Fighting       | |  2.4
Dodging        | |  2.4
Shields        | |  0.4

Action                   |  1- 3 |  4- 6 |  7- 9 || total
-------------------------+-------+-------+-------++-------
Melee: Unarmed           |    99 |   136 |    54 ||   289
       Punch             |     4 |     4 |     3 ||    11
Invok: Berserk           |       |       |     1 ||     1
  Use: Scroll            |     2 |     1 |       ||     3
 Stab: Sleeping          |     1 |       |       ||     1
Armor: Animal skin       |    41 |    34 |    16 ||    91
Dodge: Dodged            |    56 |    57 |    17 ||   130
Block: Other             |     4 |    17 |     8 ||    29
       Reflection        |       |     2 |       ||     2
